AoeStats
← AloneArcher

Black Forest

510670380Analyzed
2v2 RM · 21h ago on Oct 2, 2026· 35m 32s· 4 players
Game mode
Random Map
Map size
Medium (4 player)
Population
200
Speed
Normal
Resources
Standard
Victory
Conquest
Starting age
Dark Age
Ending age
Imperial Age
RankedLock teamsTeams togetherTeam positionsShared explorationLock speedFull tech treeHidden civsTurbo modeCheats
Victory
Defeat
🇨🇦 Malay · Canada
858
+13
🇨🇦 Spanish · Canada
858
+13
🇹🇷 Turks · Türkiye
800
-13
🇲🇽 Romans · Mexico
799
-13
DarkKnight95604
0:26 Loom
12:21 Feudal Age
14:30 Horse Collar
14:39 Double-Bit Axe
14:18 Man-at-Arms
22:41 Castle Age
20:52 Stone Mining
21:50 Gold Mining
22:37 Bloodlines
22:43 Forging
22:34 Scale Mail Armor
22:40 Scale Barding Armor
25:37 Bow Saw
25:32 Heavy Plow
25:15 Light Cavalry
25:56 Husbandry
27:35 Long Swordsman
27:35 Pikeman
30:10 Chain Mail Armor
32:15 Iron Casting
31:41 Elite Skirmisher
32:28 Squires
33:19 Fletching
34:04 Ballistas
34:00 Town Watch
35:24 Wheelbarrow
AloneArcher
0:28 Loom
13:53 Feudal Age
15:16 Double-Bit Axe
15:13 Horse Collar
17:48 Gold Mining
20:28 Castle Age
18:43 Stone Mining
21:38 Bow Saw
21:51 Heavy Plow
22:35 Gold Shaft Mining
Mohammad Shah
0:43 Loom
1:20 Loom
12:10 Feudal Age
12:21 Double-Bit Axe
19:59 Castle Age
18:38 Horse Collar
19:53 Forging
20:00 Husbandry
20:07 Squires
21:15 Arson
24:02 Stone Mining
25:00 Bow Saw
25:10 Heavy Plow
27:02 Stone Shaft Mining
27:36 Wheelbarrow
26:47 Town Watch
27:36 Man-at-Arms
36:13 Imperial Age
34:14 Scale Barding Armor
35:23 Padded Archer Armor
GreatCyrus1404
12:47 Feudal Age
16:52 Castle Age
15:52 Double-Bit Axe
16:08 Gold Mining
16:13 Stone Mining
18:21 Bloodlines
19:03 Padded Archer Armor
22:38 Husbandry
27:23 Scale Barding Armor
27:29 Forging
29:16 Chain Barding Armor
29:31 Iron Casting
Connection lost

Rejoining the realm…

Still unreachable

The connection could not be restored.

Session expired

The server has moved on; the page needs a fresh start.